 Dungeon Crawl Stone Soup version 0.26.0-7-g794d0892b4 (webtiles) character file.

Game seed: 9147872400473090763

59 trckry the Skirmisher (level 3, -10/29 HPs)
             Began as a Demonspawn Fighter on Jan 10, 2021.
             Mangled by an apocalypse crab (11 damage)
             ... on level 1 of the Abyss.
             The game lasted 00:04:22 (2409 turns).

trckry the Skirmisher (Demonspawn Fighter)          Turns: 2409, Time: 00:04:23

Health: -10/29     AC:  6    Str: 17    XL:     3   Next: 78%
Magic:  4/4        EV:  7    Int:  9    God:
Gold:   95         SH:  9    Dex: 12    Spells: 2/2 levels left

rFire    + . .     SeeInvis .   (no weapon)
rCold    . . .     Faith    .   c - +0 kite shield
rNeg     . . .     Spirit   .   b - +0 scale mail
rPois    .         Reflect  .   (no helmet)
rElec    .         Harm     .   (no cloak)
rCorr    .         Rampage  .   (no gloves)
Will     .....     Rnd*Rage +   (no boots)
Stlth    ..........             (no amulet)
HPRegen  0.09/turn              (no ring)
MPRegen  0.09/turn              (no ring)

@: no status effects
A: claws 1, [berserk 2], fire resistance 1, [subdued magic 2]
a: no special abilities


You were on level 1 of the Abyss.
You visited 1 branch of the dungeon, and saw 3 of its levels.
You visited the Abyss 1 time.

You collected 95 gold pieces.

Inventory:

Hand Weapons
 a - a +0 flail
Armour
 b - a +0 scale mail (worn)
 c - a +0 kite shield (worn)
 o - a +2 plate armour of cold resistance
Scrolls
 e - 3 scrolls of identify {unknown}
 g - 3 scrolls of teleportation {unknown}
 j - a scroll of fear {unknown}
 k - 2 scrolls of amnesia {unknown}
 m - a scroll of remove curse {unknown}
 n - a scroll of brand weapon {unknown}
Potions
 d - 3 potions of might
 f - a potion of mutation {unknown}
 h - a potion of attraction {unknown}
 i - 3 potions of lignification {unknown}
 l - a potion of curing {unknown}


   Skills:
 + Level 3.3 Fighting
 - Level 2.0 Maces & Flails
 + Level 0.7 Throwing
 + Level 2.8 Armour
 + Level 0.7 Dodging
 + Level 2.9 Shields
 * Level 0.8 Unarmed Combat
 * Level 1.5 Invocations
 + Level 0.7 Evocations


You had 2 spell levels left.
You didn't know any spells.
Your spell library was empty.

Dungeon Overview and Level Annotations

Branches:
Dungeon (3/15)

Altars:
Elyvilon
Fedhas

Annotations:
D:2 exclusion: oklob plant


Innate Abilities, Weirdness & Mutations

You have sharp fingernails.
Your flesh is heat resistant. (rF+)
[You often lose your temper in combat.]
[Your spells are easier to cast, but less powerful.]


Message History

You feel a little pissed off.
You feel angry. The starspawn tentacle grabs you.
* * * LOW HITPOINT WARNING * * *
The starspawn tentacle constricts you. The small abomination hits you.
* * * LOW HITPOINT WARNING * * *
The starspawn tentacle loses its grip on you.
The tentacle pulls you backwards!
The tentacled starspawn barely misses you.
The tentacled starspawn engulfs you but does no damage.
An apocalypse crab comes into view.
Found 43 gold pieces.
The starspawn tentacle grabs you. The starspawn tentacle constricts you.
The starspawn tentacle loses its grip on you.
The tentacle pulls you backwards!
A tentacle flies out from the starspawn's body!
A starspawn tentacle comes into view.
The apocalypse crab bites you.
* * * LOW HITPOINT WARNING * * *
The apocalypse crab sears you!
You die...

.. #.. ..# .
#.## ..# .. #
.. ..# .###.
.###..#
#...###\#....##
##.\#.#>......
#..xXwwt..#
###.*###@.#...#
##...###.....#
# #....#
#.##..# #.
#..### .. .##
#.....#.###.. #
..#..##...#.#
#.. . ##.
#.#x###... #..
#*#.. ##..
##........ ...#


You could see a tentacled starspawn, an apocalypse crab, a small abomination and
2 starspawn tentacles.

Vanquished Creatures
  An ooze (D:2)
  A worm (D:2)
  4 dart slugs
  An orc (D:3)
  6 bats
  2 giant cockroaches
  2 goblins
  4 hobgoblins
  8 jackals (D:2)
  2 kobolds (D:1)
  A quokka (D:2)
  2 frilled lizards
  7 rats
41 creatures vanquished.

Vanquished Creatures (others)
  A starspawn tentacle (Abyss:1)
1 creature vanquished.

Grand Total: 42 creatures vanquished

Notes
Turn   | Place    | Note
-------+----------+-------------------------------------------
     0 | D:1      | trckry the Demonspawn Fighter began the quest for the Orb.
     0 | D:1      | Reached XP level 1. HP: 18/18 MP: 1/1
   102 | D:1      | Gained mutation: You have sharp fingernails. [demonic
                  | ancestry]
   102 | D:1      | Reached XP level 2. HP: 16/24 MP: 2/2
   288 | D:1      | Reached skill level 1 in Invocations
  1081 | D:2      | Gained mutation: Your flesh is heat resistant. (rF+)
                  | [demonic ancestry]
  1081 | D:2      | Reached XP level 3. HP: 17/29 MP: 3/3
  1561 | D:2      | Found a white marble altar of Elyvilon.
  2056 | D:2      | Found a blossoming altar of Fedhas.
  2069 | D:2      | Noticed an oklob plant
  2286 | D:3      | Cast into level 1 of the Abyss (orc)
  2321 | Abyss:1  | Noticed a large abomination
  2380 | Abyss:1  | Noticed a small abomination
  2389 | Abyss:1  | Noticed a wretched star
  2401 | Abyss:1  | Noticed a tentacled starspawn
  2406 | Abyss:1  | Noticed an apocalypse crab
  2409 | Abyss:1  | HP: 1/29 [apocalypse crab (4)]
  2409 | Abyss:1  | Mangled by an apocalypse crab

Illustrated notes

Levels and vault maps discovered:
D:1:      scummos_arrival_hexagon, layout_loops_ring, serial_rivers,
          chequers_serial_rivers_marsh, chequers_serial_rivers_large_b,
          chequers_serial_rivers_marsh, chequers_serial_rivers_micro_b,
          chequers_avenue
D:2:      layout_loops_ring, tgw_fedhas, elyvilon_altar_4
D:3:      layout_basic, makhleb_blood_cavern_becter,
          nicolae_gozag_cash_rules_everything_around_me
Abyss:1:  base: D:2, hangedman_illusive_loot

Skill      XL: |  1  2 |
---------------+-------+-----
Maces & Flails | 2 |  2.0
Invocations    | 1 |  1.5
Fighting       | |  3.3
Throwing       | |  0.7
Armour         | |  2.8
Dodging        | |  0.7
Shields        | |  2.9
Unarmed Combat | |  0.8
Evocations     | |  0.7

Action                   || total
-------------------------++-------
Melee: Flail             ||   147
       Unarmed           ||    16
Armor: Scale mail        ||   106
Dodge: Dodged            ||    67
Block: Kite shield       ||    92
